 Dungeon Crawl Stone Soup version 0.24-a0-584-g9d6b971ae4 (webtiles) character file.

Game seed: 6403698074192305454, levelgen mode: deterministic

7 Gynju the Grave Robber (level 1, 0/10 HPs)
             Began as a Deep Elf Necromancer on Sept 6, 2019.
             Slain by a jackal (1 damage)
             ... on level 1 of the Dungeon.
             The game lasted 00:00:30 (240 turns).

Gynju the Grave Robber (Deep Elf Necromancer)        Turns: 240, Time: 00:00:31

Health: 0/10       AC:  2    Str:  5    XL:     1   Next: 83%
Magic:  0/6        EV: 13    Int: 19    God:
Gold:   0          SH:  0    Dex: 15    Spells: 5/6 levels left

rFire    . . .     SeeInvis .   b - +0 hand axe (flame)
rCold    . . .     Gourm    .   (no shield)
rNeg     . . .     Faith    .   a - +0 robe
rPois    .         Spirit   .   (no helmet)
rElec    .         Reflect  .   (no cloak)
rCorr    .         Harm     .   (no gloves)
MR       .....                  (no boots)
Stlth    ++........             (no amulet)
HPRegen  0.03/turn              (no ring)
MPRegen  0.10/turn              (no ring)

@: no status effects
A: no striking features
a: no special abilities


You were on level 1 of the Dungeon.
You were not hungry.

You visited 1 branch of the dungeon, and saw 1 of its levels.

Inventory:

Hand Weapons
 b - a +0 hand axe of flaming (weapon)
Armour
 a - a +0 robe (worn)
Scrolls
 d - a scroll of magic mapping {unknown}
Comestibles
 c - a ration


   Skills:
 - Level 2.4 Dodging
 - Level 2.4 Stealth
 + Level 3.4 Spellcasting
 + Level 5.0 Necromancy


You had 5 spell levels left.
You knew the following spells:

 Your Spells              Type           Power        Failure   Level  Hunger
a - Pain                  Necr           ###.         1%          1    None

Your spell library contained the following spells:

 Spells                   Type           Power        Failure   Level  Hunger
 Animate Skeleton         Necr           N/A          1%          1    None
 Vampiric Draining        Necr           ###.......   5%          3    ###....
 Regeneration             Chrm/Necr      ##........   16%         3    ###....
 Animate Dead             Necr           N/A          19%         4    ####...


Dungeon Overview and Level Annotations

Branches:
Dungeon (1/15)

Altars:


Message History

You kill the jackal!
Casting: Pain (safe; 1% risk of failure)
Confirm with . or Enter, or press ? or * to list all spells.
Aiming: Pain (safe; 1% risk of failure)
Press: ? - help, Shift-Dir - straight line, f - jackal
Aim: a jackal (chance to defeat MR: 91%)
The jackal writhes in agony.
The jackal stops to sniff the ground.
The jackal barely misses you.
Casting: Pain (safe; 1% risk of failure)
Confirm with . or Enter, or press ? or * to list all spells.
You don't have enough magic to cast that spell.
Casting: Pain (safe; 1% risk of failure)
Confirm with . or Enter, or press ? or * to list all spells.
You don't have enough magic to cast that spell.
Casting: Pain (safe; 1% risk of failure)
Confirm with . or Enter, or press ? or * to list all spells.
You don't have enough magic to cast that spell.
The jackal bites you.
You die...

#.... #.# # #.#.# ####.####
##.#.# #........
##.#..###...##### ####
#.###.......## # [.#
#..#...........## #.#
#.#.#............
#.######.#.#..........##
#.h##.h@...........#####
##.#.#s##................
###h###.....(.#.#.....#####
#....#........#.#..#.##
#s##..##.##.....
#.##..##.##.#.###
#.##..........#
#s###.##.####.#
####.###.##.# #.


You could see a jackal and a giant cockroach.

Vanquished Creatures
  A bat (D:1)
  A giant cockroach (D:1)
  A hobgoblin (D:1)
  2 jackals (D:1)
5 creatures vanquished.

Notes
Turn   | Place    | Note
-------+----------+-------------------------------------------
     0 | D:1      | Gynju the Deep Elf Necromancer began the quest for the Orb.
     0 | D:1      | Reached XP level 1. HP: 10/10 MP: 6/6
     6 | D:1      | Noticed a redback
     6 | D:1      | Noticed a polar bear
     6 | D:1      | Noticed a crocodile
     6 | D:1      | Noticed a seven-headed hydra
   152 | D:1      | Reached skill level 5 in Necromancy
   240 | D:1      | Slain by a jackal

Levels and vault maps discovered:
D:1:      onia_arrival_zoo_common, layout_loops_ring, serial_glass,
          glass_columns_a, glass_columns_c, minmay_misc_feat_cross

Skill      XL: |  1 |
---------------+----+-----
Necromancy     | 5 |  5.0
Dodging        | |  2.4
Stealth        | |  2.4
Spellcasting   | |  3.4

Action                   || total
-------------------------++-------
 Cast: Pain              ||    13
Armor: Robe              ||     2
Dodge: Dodged            ||     9

Table legend:
 A = Non-vault XP
 B = Vault XP
 C = Vault XP percentage of total XP
 D = Non-vault monster count
 E = Vault monster count
 F = Vault count percentage of total count
                 A         B        C        D         E       F
            +---------+---------+-------+---------+---------+-------
      Total |      10 |       0 |   0.0 |       5 |       0 |   0.0
            +---------+---------+-------+---------+---------+-------
        D:1 |      10 |       0 |   0.0 |       5 |       0 |   0.0
            +---------+---------+-------+---------+---------+-------
